 Dungeon Crawl Stone Soup version 0.30.1 (webtiles) character file.

Game seed: 7649347006738824555

330 Sanktem7 the Chopper (level 6, 0/82 HPs)
             Began as a Minotaur Fighter on July 7, 2023.
             Slain by a gnoll
             ... wielding a +0 halberd
              (1 damage)
             ... on level 4 of the Dungeon.
             The game lasted 00:04:48 (2886 turns).

Sanktem7 the Chopper (Minotaur Fighter)             Turns: 2886, Time: 00:04:48

Health: 0/82       AC: 23    Str: 23    XL:     6   Next: 26%
Magic:  5/5        EV:  2    Int: 11    God:
Gold:   207        SH: 12    Dex:  9    Spells: 5/5 levels left

rFire   . . .        a - +0 war axe {axe}
rCold   . . .        b - +0 tower shield
rNeg    . . .        o - melded +0 plate armour
rPois   +            (helmet currently unavailable)
rElec   .            (cloak currently unavailable)
rCorr   +            (gloves currently unavailable)
SInv    .            (boots currently unavailable)
Will    .....        (no amulet)
Stlth   +            t - +6 ring of intelligence
HPRegen 0.33/turn    A - ring of resist corrosion
MPRegen 0.09/turn

%: no passive effects
@: brilliant, tree-form
A: stationary, stasis, torment immunity, boosted hp, (horns 2), (retaliatory
headbutt)
a: no special abilities


You were on level 4 of the Dungeon.
You were a tree.
You visited 1 branch of the dungeon, and saw 4 of its levels.

You collected 207 gold pieces.


Innate Abilities, Weirdness & Mutations

You are a tree.
Your roots penetrate the ground, keeping you stationary.
You cannot be teleported.
You are immune to unholy pain and torment.
Your maximum health is greatly increased.
Your equipment is partially melded.
((You have a pair of horns on your head.))
((You reflexively headbutt those who attack you in melee.))


   Skills:
 + Level 4.8 Fighting
 * Level 5.2 Axes
 + Level 1.8 Throwing
 + Level 4.7 Armour
 + Level 4.8 Shields


You had 5 spell levels left.
You didn't know any spells.
Your spell library contained the following spells:

 Spells                   Type           Power      Damage    Failure   Level
 Blink                    Tloc           0%         N/A       96%         2
 Lesser Beckoning         Tloc           0%         N/A       96%         2
 Momentum Strike          Conj/Tloc      0%         3d8       96%         2

Inventory:

Hand Weapons
 a - a +0 war axe (weapon) {axe}
 z - a +2 hand axe of electrocution {axe}
   (You found it on level 3 of the Dungeon)
Missiles
 e - 34 stones (quivered) {throwing}
 f - 2 throwing nets {=f!fthrowing}
 v - 14 poisoned darts {throwing}
Armour
 b - a +0 tower shield (worn)
   (You found it on level 4 of the Dungeon)
 o - a +0 plate armour (melded)
   (You found it on level 1 of the Dungeon)
Jewellery
 t - a +6 ring of intelligence (left branch)
   (You found it on level 2 of the Dungeon)
 A - a ring of resist corrosion (right branch)
   (You found it on level 3 of the Dungeon)
Scrolls
 g - a scroll of poison {unknown}
 h - 2 scrolls of fog {unknown}
 i - 9 scrolls of identify {unknown}
 j - 3 scrolls of teleportation {unknown}
 k - 2 scrolls of blinking {unknown}
 l - a scroll of fear {unknown}
 m - a scroll of amnesia {unknown}
 s - 2 scrolls of enchant weapon {unknown}
Potions
 d - a potion of might
 n - 2 potions of lignification {!q}
 p - a potion of brilliance
 r - a potion of curing {unknown}
 u - a potion of mutation {unknown}
 w - a potion of flight {unknown}
 x - a potion of degeneration {unknown}

Dungeon Overview and Level Annotations

Branches:
Dungeon (4/15) Zot: 21055
 Temple: D:4-7

Altars:
Sif Muna

.................#
.................#
....
..#.##...........#
.... ..#.
##..........# .<..#
_ #.......ā€ .##
....# #..##.)...#
.....#
.'..##....g##.....#
.#........gs5.....#
#........gā™£......#
#.........##.....#
..........# .....#
..........# ....#
#+###.....# ...
####### .. .


You could see a scorpion, 3 gnolls and an ufetubus.


Message History

The ufetubus hits you but does no damage. x2
The ufetubus hits you.
* * * LOW HITPOINT WARNING * * *
You see here a throwing net {=f!fthrowing}. šŸ˜± HP[-4]
You take 4 damage, and now have 7/55 hp.
Okay, then.
It was a potion of lignification.
You turn into a tree.
Your +0 plate armour melds into your body.
Your roots penetrate the ground.
You feel sick.
The scorpion stings you but does no damage.
You block the ufetubus's attack.
The ufetubus hits you but does no damage.
The gnoll hits you but does no damage.
You block the gnoll's attack. šŸ˜± HP[+2]
You now have 82 max hp (+27).
You regained 2 hp, and now have 9/82 hp.
It was a potion of brilliance.
You feel clever all of a sudden.
You feel sick.
The ufetubus hits you but does no damage. x2
The scorpion stings you.
* * * LOW HITPOINT WARNING * * *
You block the gnoll's attack. The gnoll hits you but does no damage.
The ufetubus hits you but does no damage.
The ufetubus hits you.
* * * LOW HITPOINT WARNING * * *
šŸ˜± HP[-8]
You take 8 damage, and now have 1/82 hp.
It was a potion of heal wounds.
You feel much better.
You feel sick.
You are no longer poisoned.
The scorpion stings you but does no damage.
The ufetubus hits you.
* * * LOW HITPOINT WARNING * * *
You block the ufetubus's attack. The gnoll hits you but does no damage.
The dart slug launches a dart at you.
The slug dart hits you but does no damage.
The gnoll hits you with a +4 whip of freezing.
* * * LOW HITPOINT WARNING * * *
The gnoll freezes you.
* * * LOW HITPOINT WARNING * * *
You block the gnoll's attack.
The scorpion stings you but does no damage. šŸ˜± HP[+19]
You regained 19 hp, and now have 20/82 hp.
You slash the scorpion! You barely miss the ufetubus.
You hit the gnoll but do no damage. x2; You block the ufetubus's attack. x2
The scorpion stings you.
* * * LOW HITPOINT WARNING * * *
The ufetubus hits you but does no damage.
You block the ufetubus's attack. The gnoll hits you with a +0 flail.
* * * LOW HITPOINT WARNING * * *
You block the gnoll's attack. The gnoll hits you but does no damage.
The dart slug launches a dart at you.
The slug dart hits you but does no damage. šŸ˜± HP[-6]
You take 6 damage, and now have 14/82 hp.
You hit the scorpion. You hit the gnoll but do no damage.
You closely miss the gnoll. You miss the ufetubus.
You block the ufetubus's attack.
The ufetubus hits you but does no damage.
The scorpion stings you but does no damage.
The gnoll hits you but does no damage. x3
The ufetubus hits you but does no damage. x2
The scorpion stings you but does no damage.
The gnoll hits you but does no damage. x2; You block the gnoll's attack.
You barely miss the scorpion. You hit the dart slug.
You completely miss the gnoll. You hit the gnoll.
You completely miss the ufetubus.
The ufetubus hits you but does no damage.
You block the ufetubus's attack.
The scorpion stings you but does no damage.
The ufetubus hits you but does no damage.
You block the ufetubus's attack. You block the gnoll's attack.
The gnoll hits you but does no damage.
The gnoll hits you from afar with a +0 halberd.
* * * LOW HITPOINT WARNING * * *
The scorpion stings you.
* * * LOW HITPOINT WARNING * * *
The ufetubus hits you but does no damage.
You block the ufetubus's attack.
You block the dart slug's attack. šŸ˜± HP[-6]
You take 6 damage, and now have 8/82 hp.
You barely miss the scorpion. You slash the dart slug!
You kill the dart slug!
You barely miss the gnoll. x2; You barely miss the ufetubus.
You block the ufetubus's attack.
The ufetubus hits you but does no damage.
The scorpion stings you but does no damage.
The gnoll hits you but does no damage. x2; You block the gnoll's attack.
The ufetubus hits you but does no damage.
You block the ufetubus's attack. You block the scorpion's attack.
The gnoll hits you with a +0 flail.
* * * LOW HITPOINT WARNING * * *
The gnoll hits you with a +4 whip of freezing.
* * * LOW HITPOINT WARNING * * *
The gnoll freezes you.
* * * LOW HITPOINT WARNING * * *
The gnoll hits you from afar with a +0 halberd.
You die...

Skill      XL: |  1  2  3  4  5 |
---------------+----------------+-----
Axes           | 3 4 5 |  5.2
Armour         | 4 |  4.7
Fighting       | 4 |  4.8
Shields        | 4 |  4.8
Throwing       | 1 |  1.8

Action                     |  1- 3 |  4- 6 || total
---------------------------+-------+-------++-------
  Melee: War axe           |    68 |   106 ||   174
         Headbutt          |    12 |    19 ||    31
    Use: Potion            |       |     3 ||     3
 Armour: Scale mail        |     2 |       ||     2
         Chain mail        |    12 |       ||    12
         Plate armour      |    13 |    76 ||    89
         Skin              |       |    34 ||    34
  Dodge: Dodged            |    24 |    38 ||    62
  Block: Buckler           |    15 |    26 ||    41
         Tower shield      |       |    38 ||    38

Levels and vault maps discovered:
D:1:      beargit_arrival_diablo_church, layout_basic, minmay_misc_feat_square
D:2:      layout_basic, ebering_ecumenical_altar_sacrificial,
          minmay_misc_feat_more_columns
D:3:      layout_basic, hangedman_abyss_or_decor_lesser_grid
D:4:      corexii_shack_village, layout_gridville,
          gammafunk_temple_overflow_forgotten, serial_shops, shop,
          serial_bayou_ford_a, wad_floor_pattern_1, hellmonk_no_cap

Notes
Turn   | Place    | Note
-------+----------+-------------------------------------------
     0 | D:1      | Sanktem7 the Minotaur Fighter began the quest for the Orb.
     0 | D:1      | Reached XP level 1. HP: 19/19 MP: 0/0
     0 | D:1      | magus.rc [v1.9.6]
   207 | D:1      | Reached XP level 2. HP: 23/27 MP: 1/1
   225 | D:1      | Reached skill level 3 in Axes
   442 | D:1      | Reached XP level 3. HP: 32/33 MP: 2/2
   566 | D:1      | Reached skill level 4 in Armour
   569 | D:1      | Reached skill level 4 in Fighting
   569 | D:1      | Reached skill level 4 in Shields
   865 | D:2      | Found a faded altar of an unknown god.
  1268 | D:2      | Reached XP level 4. HP: 40/40 MP: 3/3
  1843 | D:3      | Reached skill level 4 in Axes
  2143 | D:3      | Reached skill level 1 in Throwing
  2143 | D:3      | Reached XP level 5. HP: 15/47 MP: 4/4
  2679 | D:4      | Reached skill level 5 in Axes
  2679 | D:4      | Reached XP level 6. HP: 27/55 MP: 5/5
  2858 | D:4      | Found a shimmering blue altar of Sif Muna.
  2868 | D:4      | You pick up a book of Spatial Translocations and begin
                  | reading...
  2868 | D:4      | You add the spells Blink, Momentum Strike and Lesser
                  | Beckoning to your library.
  2877 | D:4      | HP: 13/55 [poisoned by a scorpion]
  2881 | D:4      | HP: 4/82 [scorpion (5)]
  2881 | D:4      | HP: 1/82 [ufetubus (3)]
  2886 | D:4      | HP: 4/82 [gnoll/+0 flail (4)]
  2886 | D:4      | HP: 1/82 [gnoll/+4 whip of freezing (1)]
  2886 | D:4      | Slain by a gnoll

Vanquished Creatures
  3 sleepcaps (D:4)
  2 orc wizards (D:3)
  5 gnolls
  5 adders
  An ufetubus (D:4)
  2 worms
  6 dart slugs
  6 orcs
  9 ball pythons
  6 bats
  6 endoplasms
  A giant cockroach (D:2)
  4 goblins
  6 hobgoblins
  7 jackals
  3 quokkas
  7 frilled lizards
  7 kobolds
  3 rats
89 creatures vanquished.

Table legend:
 A = Non-vault XP
 B = Vault XP
 C = Vault XP percentage of total XP
 D = Non-vault monster count
 E = Vault monster count
 F = Vault count percentage of total count
                 A         B        C        D         E       F
            +---------+---------+-------+---------+---------+-------
      Total |     356 |     120 |  25.2 |      85 |       4 |   4.5
            +---------+---------+-------+---------+---------+-------
        D:1 |      47 |       0 |   0.0 |      26 |       0 |   0.0
        D:2 |      60 |       0 |   0.0 |      20 |       0 |   0.0
        D:3 |     206 |       0 |   0.0 |      30 |       0 |   0.0
        D:4 |      43 |     120 |  73.6 |       9 |       4 |  30.8
            +---------+---------+-------+---------+---------+-------

Skill      XL: |  1  2  3  4  5 |
---------------+----------------+-----
Axes           | 3 4 5 |  5.2
Armour         | 4 |  4.7
Fighting       | 4 |  4.8
Shields        | 4 |  4.8
Throwing       | 1 |  1.8

Action                     |  1- 3 |  4- 6 || total
---------------------------+-------+-------++-------
  Melee: War axe           |    68 |   106 ||   174
         Headbutt          |    12 |    19 ||    31
    Use: Potion            |       |     3 ||     3
 Armour: Scale mail        |     2 |       ||     2
         Chain mail        |    12 |       ||    12
         Plate armour      |    13 |    76 ||    89
         Skin              |       |    34 ||    34
  Dodge: Dodged            |    24 |    38 ||    62
  Block: Buckler           |    15 |    26 ||    41
         Tower shield      |       |    38 ||    38

Illustrated notes

Table legend:
 A = Kills in this place as a percentage of kills in the entire game.
 B = Kills by you in this place as a percentage of kills by you in the entire game.
 C = Kills by friends in this place as a percentage of kills by friends in the entire game.
 D = Other kills in this place as a percentage of other kills in the entire game.
 E = Experience gained in this place as a percentage of experience gained in the entire game.
 F = Experience gained in this place divided by the number of levels of this place that you have seen.
                   A       B       C       D       E      F
               +-------+-------+-------+-------+-------+----------------------
         Total | 100.0 | 100.0 |   N/A |   N/A | 100.0 | 119.0
       Dungeon | 100.0 | 100.0 |   N/A |   N/A | 100.0 | 119.0
               +-------+-------+-------+-------+-------+----------------------

Table legend: (Time is in decaauts)
 A = Elapsed time spent in this place.
 B = Non-inter-level travel time spent in this place.
 C = Inter-level travel time spent in this place.
 D = Time resting spent in this place.
 E = Time spent auto-exploring this place.
 F = Levels seen in this place.
 G = Mean time per level.
                   A        B        C        D        E       F      G
               +--------+--------+--------+--------+--------+-----+--------+
         Total |   2942 |   2890 |     52 |      0 |   2349 |   4 |  735.5 |
       Dungeon |   2942 |   2890 |     52 |      0 |   2349 |   4 |  735.5 |
               +--------+--------+--------+--------+--------+-----+--------+

Top non-repeatable levels by time:
     D:2: 1051 daAuts
     D:3: 946 daAuts
     D:1: 710 daAuts
     D:4: 234 daAuts
